 Dungeon Crawl Stone Soup version 0.27.0-1-g7a089689b8 (webtiles) character file.

Game seed: 6211764974982657127

382 Crownlay the Cleaver (level 6, -1/51 HPs)
             Began as a Hill Orc Fighter on Aug 13, 2021.
             Slain by a scorpion (5 damage)
             ... on level 5 of the Dungeon.
             The game lasted 00:08:20 (3423 turns).

Crownlay the Cleaver (Hill Orc Fighter)             Turns: 3423, Time: 00:08:22

Health: -1/51      AC: 12    Str: 21    XL:     6   Next: 76%
Magic:  6/6        EV:  9    Int:  8    God:
Gold:   208        SH:  0    Dex: 10    Spells: 5/5 levels left

rFire    . . .     SeeInvis .   a - +0 war axe
rCold    . . .     Faith    .   (no shield)
rNeg     . . .     Spirit   .   b - +0 scale mail
rPois    .         Reflect  .   (no helmet)
rElec    .         Harm     .   (no cloak)
rCorr    .         Rampage  .   (no gloves)
Will     .....                  h - +0 pair of boots
Stlth    ..........             (no amulet)
HPRegen  0.17/turn              e - +4 ring of protection
MPRegen  0.10/turn              (no ring)

@: mighty, lethally poisoned (-1 -> -19)
A: no striking features
a: no special abilities


You were on level 5 of the Dungeon.
You visited 1 branch of the dungeon, and saw 5 of its levels.

You collected 208 gold pieces.

Inventory:

Hand Weapons
 a - a +0 war axe (weapon)
Armour
 b - a +0 scale mail (worn)
 c - a +0 kite shield
 h - a +0 pair of boots (worn)
 k - a +0 helmet
Jewellery
 e - a +4 ring of protection (left hand)
 n - a ring of resist corrosion
Wands
 s - a wand of iceblast (6)
Scrolls
 f - 2 scrolls of noise {unknown}
 g - 2 scrolls of identify {unknown}
 j - a scroll of fog {unknown}
 l - 3 scrolls of teleportation {unknown}
 o - a scroll of silence {unknown}
 p - a scroll of torment {unknown}
 t - 2 scrolls of holy word {unknown}
Potions
 i - a potion of ambrosia {unknown}
 q - a potion of lignification {unknown}
 r - a potion of heal wounds {unknown}


   Skills:
 - Level 3.6 Fighting
 + Level 9.2 Axes
 - Level 3.2 Armour
 - Level 3.2 Shields


You had 5 spell levels left.
You didn't know any spells.
Your spell library contained the following spells:

 Spells                   Type           Power      Damage    Failure   Level
 Static Discharge         Conj/Air       0%         N/A       87%         2
 Lightning Bolt           Conj/Air       0%         1d11      100%        5
 Maxwell's Capacitive Co  Air            0%         ∞         100%        8


Dungeon Overview and Level Annotations

Branches:
Dungeon (5/15)
 Temple: D:4-7

Altars:


Message History

The hound barely misses you. The hound bites you but does no damage.
The hound bites you but does no damage. The hound completely misses you.
The hound misses you. The scorpion stings you. The hound closely misses you.
Found a ring mail.
The hound barely misses you. The scorpion closely misses you.
You hit the scorpion but do no damage. The scorpion stings you.
You closely miss the scorpion.
The scorpion stings you but does no damage.
The scorpion closely misses you.
You slash the scorpion!
The scorpion is severely wounded.
The scorpion barely misses you.
You completely miss the scorpion.
The scorpion is severely wounded.
The scorpion stings you.
You are poisoned.
The scorpion poisons you!
You feel very mighty all of a sudden.
* * * LOW HITPOINT WARNING * * *
You feel very sick. The scorpion stings you.
* * * LOW HITPOINT WARNING * * *
You hit the scorpion.
The scorpion is almost dead.
* * * LOW HITPOINT WARNING * * *
You feel very sick.
The scorpion stings you but does no damage.
You completely miss the scorpion.
The scorpion is almost dead.
* * * LOW HITPOINT WARNING * * *
You feel sick. The scorpion stings you.
* * * LOW HITPOINT WARNING * * *
You are more poisoned.
The scorpion poisons you! The scorpion stings you.
You die...

#....... #...###.
..###############...# ##
....................# #
#.[.......O........####
......##...#O#######........#
...........#h# #........#
≈≈≈.......#s# #........#
#≈≈......#@# #........#
#≈.....##.# #........#
#≈....#...#######.........
#≈..†..#..................
##≈......#########.#'######
####≈≈......#########.#.#
≈≈≈≈≈.................#.#
............###########.#
.......##...<..†..)...#.######


You could see an ogre, a scorpion and a hound.

Vanquished Creatures
  An ogre (D:5)
  A phantom (D:4)
  2 hounds (D:4)
  An iguana (D:5)
  6 adders
  2 worms (D:3)
  2 dart slugs
  3 orcs
  7 ball pythons
  5 endoplasms
  2 giant cockroaches
  10 hobgoblins
  11 jackals
  9 kobolds
  2 quokkas
  4 bats
  3 frilled lizards (D:3)
  A goblin (D:1)
  4 rats
76 creatures vanquished.

Vanquished Creatures (others)
  8 plants
8 creatures vanquished.

Grand Total: 84 creatures vanquished

Notes
Turn   | Place    | Note
-------+----------+-------------------------------------------
     0 | D:1      | Crownlay the Hill Orc Fighter began the quest for the Orb.
     0 | D:1      | Reached XP level 1. HP: 19/19 MP: 1/1
    52 | D:1      | Reached skill level 3 in Axes
   177 | D:1      | Reached XP level 2. HP: 24/26 MP: 2/2
   289 | D:1      | Reached skill level 4 in Axes
   696 | D:1      | Reached XP level 3. HP: 29/31 MP: 3/3
  1260 | D:2      | Reached skill level 5 in Axes
  1424 | D:2      | Reached XP level 4. HP: 37/39 MP: 4/4
  1959 | D:3      | Found a faded altar of an unknown god.
  2165 | D:3      | Reached skill level 6 in Axes
  2614 | D:4      | Reached XP level 5. HP: 38/45 MP: 5/5
  2707 | D:4      | Noticed a phantom
  2722 | D:4      | Killed a phantom
  2723 | D:4      | Reached skill level 7 in Axes
  2804 | D:4      | Reached skill level 8 in Axes
  2826 | D:4      | Reached XP level 6. HP: 51/51 MP: 6/6
  3261 | D:5      | Entered Level 5 of the Dungeon
  3334 | D:5      | Reached skill level 9 in Axes
  3423 | D:5      | Slain by a scorpion

Illustrated notes

Levels and vault maps discovered:
D:1:      lightli_arrival_quake, layout_loops_ring, minmay_shallow_snake_nest
D:2:      layout_rooms, serial_bayou, serial_bayou_shore_a, serial_bayou_pond_b,
          serial_bayou_lagoon_b, serial_bayou_ford_a
D:3:      layout_basic, chequers_ecumenical_altar_grove, st_stairs_13
D:4:      kennysheep_spiral_hall, layout_cave_pools, corexii_corridor_pit
D:5:      layout_basic, mainiacjoe_overflow_boulevard, kennysheep_nub,
          hex_large, st_stairs_11, kennysheep_path_1,
          kennysheep_decorative_pillar, kennysheep_generic_room_13

Skill      XL: |  1  2  3  4  5  6 |
---------------+-------------------+-----
Axes           | 3 4 5 6 8 9 |  9.2
Fighting       | |  3.6
Armour         | |  3.2
Shields        | |  3.2

Action                   |  1- 3 |  4- 6 || total
-------------------------+-------+-------++-------
Melee: War axe           |    87 |   126 ||   213
Throw: Throwing net      |       |     1 ||     1
  Use: Potion            |       |     1 ||     1
Armor: Scale mail        |    53 |    87 ||   140
Dodge: Dodged            |    32 |    63 ||    95
Block: Kite shield       |    55 |    13 ||    68
